 Dungeon Crawl Stone Soup version 0.28.0-45-g0d030f2227 (webtiles) character file.

Game seed: 3575064401365200617

1573 nickcage the Thaumaturge (level 8, -7/41 HPs)
             Began as a Deep Elf Fire Elementalist on Apr 14, 2022.
             Was a Believer of Vehumet.
             Mangled by an orc warrior zombie
             ... wielding a +0 halberd
              (8 damage)
             ... in a bailey.
             The game lasted 00:24:30 (8061 turns).

nickcage the Thaumaturge (DEFE)                     Turns: 8061, Time: 00:24:31

Health: -7/41      AC:  5    Str:  5    XL:     8   Next: 59%
Magic:  12/24      EV: 12    Int: 27    God:    Vehumet [**....]
Gold:   191        SH:  0    Dex: 15    Spells: 12/27 levels left

rFire   . . .      SeeInvis +   q - +1 long sword
rCold   . . .      Faith    +   (no shield)
rNeg    . . .      Spirit   .   a - +1 robe
rPois   .          Reflect  .   (no helmet)
rElec   .          Harm     .   (no cloak)
rCorr   .          Rampage  .   s - +1 pair of gloves
Will    .....                   (no boots)
Stlth   ++........              r - amulet "Feom" {Faith Int+4 Slay+2}
HPRegen 0.13/turn               x - ring of see invisible
MPRegen 0.19/turn               (no ring)

@: no status effects
A: no striking features
a: Renounce Religion


You were in a bailey.
You worshipped Vehumet.
Vehumet was pleased with you.
You visited 2 branches of the dungeon, and saw 8 of its levels.
You also visited: Bailey.

You collected 191 gold pieces.

Inventory:

Hand Weapons
 e - a +0 dagger
 q - a +1 long sword (weapon)
Missiles
 c - 160 stones
Armour
 a - a +1 robe (worn)
 s - a +1 pair of gloves (worn)
Jewellery
 n - an amulet of regeneration
 o - a ring of ice
 r - the amulet "Feom" (around neck) {Faith Int+4 Slay+2}
   (You found it on level 4 of the Dungeon)

   [amulet of faith]

   It allows you to gain divine favour quickly.
   Int:       It affects your intelligence (+4).
   Slay:      It affects your accuracy & damage with ranged weapons and melee
   (+2).
 x - a ring of see invisible (left hand)
Wands
 d - a wand of iceblast (5)
Scrolls
 f - 2 scrolls of immolation
 h - 3 scrolls of identify
 i - 5 scrolls of teleportation
 l - a scroll of blinking
Potions
 b - a potion of resistance {unknown}
 g - a potion of haste {unknown}
 j - a potion of heal wounds {unknown}
 k - a potion of attraction {unknown}
 m - a potion of cancellation {unknown}
 p - a potion of brilliance {unknown}
 t - a potion of curing {unknown}
 u - a potion of flight {unknown}


   Skills:
 - Level 2.4 Dodging
 - Level 2.4 Stealth
 + Level 10.2 Spellcasting
 * Level 3.8 Conjurations
 - Level 7.6 Fire Magic
 - Level 3.0 Earth Magic
 * Level 0.9 Poison Magic


You had 12 spell levels left.
You knew the following spells:

 Your Spells              Type           Power      Damage    Failure   Level
b - Scorch                Fire           100%       2d10      1%          2
c - Conjure Flame         Conj/Fire      44%        6-21      1%          3
d - Flame Wave            Conj/Fire      44%        2d10      4%          4
e - Stone Arrow           Conj/Erth      64%        3d11      3%          3
f - Mephitic Cloud        Conj/Pois/Air  22%        N/A       7%          3

Your spell library contained the following spells:

 Spells                   Type           Power      Damage    Failure   Level
 Freeze                   Ice            52%        1d7       4%          1
 Foxfire                  Conj/Fire      100%       2x1d9     1%          1
 Magic Dart               Conj           100%       1d8       1%          1
 Sandblast                Erth           60%        2d14      1%          1
 Inner Flame              Hex/Fire       34%        N/A       2%          3
 Passwall                 Tmut/Erth      17%        N/A       3%          2
 Ignite Poison            Fire/Tmut/Pois 29%        N/A       4%          3
 Sticky Flame             Conj/Fire      44%        2d6       4%          4
 Call Imp                 Summ           13%        N/A       6%          2
 Gell's Gravitas          Tloc           13%        N/A       13%         3
 Lesser Beckoning         Tloc           13%        N/A       13%         3
 Teleport Other           Tloc           13%        N/A       13%         3
 Irradiate                Conj/Tmut      12%        3d17      47%         5
 Freezing Cloud           Conj/Ice/Air   10%        6-21      56%         5
 Blade Hands              Tmut           6%         N/A       75%         5
 Dispersal                Tloc           6%         N/A       100%        6
 Simulacrum               Ice/Necr       6%         N/A       100%        6
 Dragon Form              Tmut           6%         N/A       100%        7
 Polar Vortex             Ice            6%         N/A       100%        9


Dungeon Overview and Level Annotations

Branches:
Dungeon (7/15)             Temple (1/1) D:4          Bailey (1/1)

Altars:
Ashenzari
Dithmenos
Fedhas
Gozag
Kikubaaqudgha
Makhleb
Nemelex Xobeh
Okawaru
Qazlal
Ru
Sif Muna
Trog
Vehumet
Wu Jian
Xom
Yredelemnul
Zin
The Shining One

Shops:
D:1 =

Annotations:
D:5 2 runed translucent doors
D:7 1 transporter


Message History

An orc zombie comes into view. It is wielding a +0 spear.
Flames lash the orc zombie.
You destroy the orc zombie!
Vehumet accepts your kill.
You feel your power returning.
You start resting.
Magic restored.
Things that are here:
a +0 spear; a +0 spear A gargoyle and an orc warrior zombie come into view.
The gargoyle moves out of view.
Flames lash the gargoyle but do no damage.
The gargoyle hurls a stone arrow at you.
The stone arrow hits you!!
Flames lash the gargoyle.
The gargoyle is lightly damaged.
The gargoyle's fire resistance burns away.
Flames lash the orc warrior zombie.
The orc warrior zombie is moderately damaged.
The orc warrior zombie's fire resistance burns away.
Flames lash the orc warrior zombie.
The orc warrior zombie is burned terribly!
The orc warrior zombie is severely damaged.
The gargoyle hurls a stone arrow at you.
The stone arrow hits you!
* * * LOW HITPOINT WARNING * * *
You are too injured to fight recklessly!
Casting: Scorch (safe; 1% risk of failure)
Confirm with . or Enter, or press ? or * to list all spells.
Casting: Flame Wave (dangerous; 4% risk of failure)
Press: ? - help, Dir - look around, f - activate A wave of flame ripples out!
The tree burns like a torch!
The flame wave engulfs the gargoyle but does no damage.
The gargoyle is lightly damaged. (Press . to intensify the flame waves.)
The gargoyle is no longer more vulnerable to fire.
The gargoyle hits you with a +0 mace!
* * * LOW HITPOINT WARNING * * *
The orc warrior zombie hits you from afar with a +0 halberd!
You die...

#...#..#......
#.............
#............
###...♣♣..♣...
+...........
#...........
##..♣.......#
#...........#
#..@........#
#.§9...♣♣...#
#..Z........#
#........#...#
#.......## #
#......##
########


You could see a gargoyle and an orc warrior zombie (combustible).

Vanquished Creatures
  Eustachio (D:4)
  A water moccasin (D:6)
  An ice beast (D:6)
  3 ogres
  2 centaurs
  A kobold brigand (D:7)
  2 scorpions
  2 water moccasin zombies (D:5)
  A jelly (D:3)
  A hound (D:5)
  3 orc priests
  4 orc wizards
  A killer bee zombie (D:6)
  A howler monkey zombie (D:5)
  2 adders
  6 gnolls
  An ufetubus (D:5)
  3 worms
  4 dart slugs
  14 orcs
  3 ball pythons
  7 endoplasms
  3 giant cockroaches
  10 goblins
  4 hobgoblins
  3 iguanas
  6 jackals (D:1)
  7 kobolds
  A quokka (D:1)
  3 bats (D:1)
  7 frilled lizards
  2 orc zombies (Bailey)
  5 rats
115 creatures vanquished.

Vanquished Creatures (others)
  18 foxfires
18 creatures vanquished.

Grand Total: 133 creatures vanquished

Notes
Turn   | Place    | Note
-------+----------+-------------------------------------------
     0 | D:1      | nickcage the Deep Elf Fire Elementalist began the quest for
                  | the Orb.
     0 | D:1      | Reached XP level 1. HP: 10/10 MP: 6/6
   165 | D:1      | Reached XP level 2. HP: 15/15 MP: 6/8
   168 | D:1      | Learned a level 2 spell: Scorch
   183 | D:1      | Found a faded altar of an unknown god.
   680 | D:1      | Found Sivvyusu's Jewellery Emporium.
  1060 | D:1      | Reached XP level 3. HP: 17/19 MP: 2/10
  1544 | D:2      | Reached skill level 4 in Spellcasting
  2299 | D:3      | Reached XP level 4. HP: 24/24 MP: 6/12
  2380 | D:3      | Found a blossoming altar of Fedhas.
  2537 | D:3      | Found a shimmering altar of Xom.
  2545 | D:3      | Learned a level 3 spell: Conjure Flame
  2550 | D:3      | Learned a level 4 spell: Flame Wave
  2796 | D:3      | Reached skill level 5 in Fire Magic
  3052 | D:4      | Noticed a scorpion
  3184 | D:4      | Noticed an ogre
  3334 | D:4      | Identified the amulet "Feom" {Faith Int+4 Slay+2}
  3345 | D:4      | Found a staircase to the Ecumenical Temple.
  3351 | Temple   | Entered the Ecumenical Temple
  3418 | Temple   | Became a worshipper of Vehumet
  3722 | D:4      | Noticed Eustachio
  3828 | D:4      | Killed an ogre
  3829 | D:4      | Reached skill level 5 in Spellcasting
  3829 | D:4      | Reached XP level 5. HP: 28/28 MP: 3/14
  4140 | D:4      | Reached XP level 6. HP: 32/32 MP: 8/16
  4843 | D:5      | Entered Level 5 of the Dungeon
  4861 | D:4      | Reached skill level 6 in Spellcasting
  5260 | D:4      | Reached * piety under Vehumet
  5260 | D:4      | Offered knowledge of Shock by Vehumet.
  5484 | D:5      | Reached XP level 7. HP: 36/36 MP: 13/18
  5730 | D:5      | Learned a level 3 spell: Stone Arrow
  5752 | D:5      | Found a large runed translucent door.
  5753 | D:5      | Found a large runed translucent door.
  5851 | D:5      | Reached skill level 7 in Spellcasting
  6081 | D:5      | Reached skill level 1 in Earth Magic
  6628 | D:6      | Reached skill level 8 in Spellcasting
  6806 | D:6      | Reached XP level 8. HP: 31/41 MP: 17/22
  7019 | D:6      | Reached skill level 9 in Spellcasting
  7059 | D:6      | Learned a level 3 spell: Mephitic Cloud
  7233 | D:4      | Killed Eustachio
  7611 | D:7      | Found a glowing silver altar of Zin.
  7883 | D:7      | Noticed a deep elf knight
  7893 | D:7      | Found a transporter.
  7900 | D:7      | Noticed a kobold demonologist
  7909 | D:7      | Found a flagged portal.
  7919 | D:7      | Reached skill level 10 in Spellcasting
  7924 | D:7      | Offered knowledge of Freeze by Vehumet.
  7929 | D:7      | Reached ** piety under Vehumet
  7980 | Bailey   | Entered a bailey
  8054 | Bailey   | Noticed a gargoyle
  8061 | Bailey   | HP: 1/41 [gargoyle/+0 mace (10)]
  8061 | Bailey   | Mangled by an orc warrior zombie

Illustrated notes

Levels and vault maps discovered:
D:1:      mrwooster_arrival_statue_2, layout_basic,
          ebering_ecumenical_altar_rust, serial_shops, shop
D:2:      minmay_door_path, layout_rooms
D:3:      layout_basic, dk_xom_monty_hall, mainiacjoe_overflow_tiny_flanked
D:4:      layout_basic, minmay_temple_entry_fiery, uniq_eustachio
D:5:      layout_cave_pods, jmf_multi_god_temple2
D:6:      layout_basic, minmay_misc_feat_columns
D:7:      gammafunk_wand_slinger, layout_cave_pods, zin_academy, serial_shops,
          nicolae_lakefront_shop, enter_bailey_2, minmay_alternating_orb
Temple:   regret_index_temple_waves
Bailey:   bailey_polearm_vampire_castle_hellmonk, bailey

Skill      XL: |  1  2  3  4  5  6  7  8 |
---------------+-------------------------+-----
Fire Magic     | 4 5 6 7 |  7.6
Spellcasting   | 4 5 6 8 10 | 10.2
Conjurations   | 2 3 |  3.8
Earth Magic    | 2 3 |  3.0
Dodging        | |  2.4
Stealth        | |  2.4
Poison Magic   | |  0.9

Action                   |  1- 3 |  4- 6 |  7- 9 || total
-------------------------+-------+-------+-------++-------
Melee: Unarmed           |     1 |       |       ||     1
       Dagger            |    15 |       |       ||    15
       Long sword        |       |     7 |       ||     7
Throw: Stone             |     2 |       |       ||     2
 Cast: Foxfire           |    12 |       |       ||    12
       Scorch            |    46 |    64 |    68 ||   178
       Conjure Flame     |       |     2 |       ||     2
       Flame Wave        |       |       |     2 ||     2
  Use: Scroll            |       |     9 |     2 ||    11
Armor: Robe              |    10 |     6 |     3 ||    19
Dodge: Dodged            |    15 |    28 |     9 ||    52
